 Dungeon Crawl Stone Soup version 0.31-a0-1072-g202bf7ea07 (webtiles) character file.

Game seed: 17628013087730311948

128 CrazyBamboolord the Shield-Bearer (level 5, -4/41 (42) HPs)
             Began as a Formicid Fighter on Nov 26, 2023.
             Killed from afar by a steam dragon (13 damage)
             ... with a ball of steam
             ... on level 4 of the Dungeon.
             The game lasted 00:04:13 (3122 turns).

CrazyBamboolord the Shield-Bearer (FoFi)            Turns: 3122, Time: 00:04:14

HP:   -4/41 (42)    AC: 11    Str: 23    XL:     5   Next: 34%
MP:   5/5           EV:  8    Int:  7    God:
Gold: 224           SH:  5    Dex: 13    Spells: 4/4 levels left

rFire   . . .        a - +0 trident
rCold   . . .        c - +0 buckler
rNeg    . . .        k - +1 chain mail {Will+}
rPois   .            (helmet unavailable)
rElec   .            (no cloak)
rCorr   .            i - +0 pair of gloves
SInv    +            (no boots)
Will    +....        (no amulet) Stlth
                     (no ring)
HPRegen 0.26/turn    (no ring)
MPRegen 0.09/turn

%: no passive effects
@: lightly drained
A: permanent stasis, dig shafts and tunnels, antennae 3, four strong arms
a: Dig, Shaft Self


You were on level 4 of the Dungeon.
You visited 1 branch of the dungeon, and saw 4 of its levels.

You collected 224 gold pieces.

Inventory:

Hand Weapons
 a - a +0 trident (weapon)
Armour
 c - a +0 buckler (worn)
 i - a +0 pair of gloves (worn)
 k - a +1 chain mail of willpower (worn)
Scrolls
 b - a scroll of blinking {unknown}
 e - a scroll of revelation
 h - 4 scrolls of noise
 j - a scroll of vulnerability {unknown}
 l - a scroll of teleportation {unknown}
Potions
 d - 2 potions of might
 f - 2 potions of enlightenment
 g - a potion of curing {unknown}


   Skills:
 * Level 4.1 Fighting
 * Level 3.0 Polearms
 * Level 4.2 Armour
 * Level 5.0 Shields


You had 4 spell levels left.
You didn't know any spells.
Your spell library contained the following spells:

 Spells                   Type           Power      Damage    Failure   Level
 Necrotise                Necr           0%         1d4       97%         1
 Vampiric Draining        Necr           0%         2d6       100%        3
 Agony                    Necr           0%         N/A       100%        5


Dungeon Overview and Level Annotations

Branches:
Dungeon (4/15)
 Temple: D:4-7

Altars:
The Shining One


Innate Abilities, Weirdness & Mutations

You cannot be hasted, slowed, berserked, paralysed or teleported.
You can dig through walls and to a lower floor.
You have a pair of large antennae on your head. (SInv)
Your four strong arms can wield two-handed weapons with a shield.


Message History

Found an escape hatch in the ceiling.
There is a stone staircase leading up here.
As you read the scroll of revelation, it crumbles to dust.
You feel aware of your surroundings.
You sensed 1 altar, and 1 shop/portal.
Found 14 gold pieces.
Found 3 stones.
Found 6 boomerangs.
A steam dragon comes into view.
Found a dagger.
The steam dragon hisses angrily.
Found a scale mail.
You reach to attack!
You hit the steam dragon but do no damage.
The steam dragon breathes steam at you. The ball of steam misses you.
You are engulfed in a cloud of scalding steam.
The steam dragon bites you but does no damage.
The steam dragon closely misses you. The steam dragon bites you.
The steam dragon claws you.
You puncture the steam dragon!
The steam dragon is moderately wounded.
The steam dragon bites you.
The steam dragon claws you but does no damage.
You completely miss the steam dragon.
The steam dragon is moderately wounded.
The steam dragon bites you.
The steam dragon claws you but does no damage.
You closely miss the steam dragon.
The steam dragon is moderately wounded.
The steam dragon breathes steam at you. The ball of steam hits you!
You hit the steam dragon.
The steam dragon is heavily wounded.
You are engulfed in a cloud of scalding steam.
* * * LOW HITPOINT WARNING * * *
The steam dragon closely misses you. The steam dragon claws you.
* * * LOW HITPOINT WARNING * * *
The steam dragon breathes steam at you. The ball of steam hits you!
You die...

.########..#.# *,**,,,,,,,,,*,,
....####...#.#####,*,,,,,*,*,,,,,
.##.####..........,,,,,,,,,,,,,,*
***,* #...#.#####*,,,,,,*,*,*,,,
*,* ###.#.# *,*,..**,*,,,,, *,*
*#....# *,#...,,,,,**** *,*
#.###.######..#+*+*,*,* *
***,***#.* #.....D...#{*,*,,,*
*,,,,,,.,**#.###@#.###******,*
*,****##*,).## #.#,+{*{,,*,+,*
,,* *###* #.#,***,∩,***,* ***
#[#,+,,,,,*,+,****
#.#,*********,**,,
#.#,,,*,*,*,,**,*,
#.#,,,*+*+*,,,,***
#..,,,,,,,,,,,,,*,
***,,**,***,**,*,,


You could see a steam dragon (catching breath).

Vanquished Creatures
  Terence (D:2)
  Robin (D:2)
  4 adders
  4 dart slugs
  An orc (D:3)
  3 ball pythons
  3 bats
  4 endoplasms
  A giant cockroach (D:3)
  10 goblins
  5 hobgoblins
  2 quokkas
  A frilled lizard (D:1)
  4 kobolds
  4 rats
  2 butterflies (D:2)
50 creatures vanquished.

Notes
Turn   | Place    | Note
-------+----------+-------------------------------------------
     0 | D:1      | CrazyBamboolord the Formicid Fighter began the quest for
                  | the Orb.
     0 | D:1      | Reached XP level 1. HP: 18/18 MP: 1/1
   264 | D:1      | Reached XP level 2. HP: 23/24 MP: 2/2
   551 | D:1      | Found a faded altar of an unknown god.
   762 | D:2      | Found a glowing golden altar of the Shining One.
   779 | D:2      | Reached XP level 3. HP: 26/30 MP: 3/3
  1357 | D:2      | Noticed Robin
  1373 | D:2      | Killed Robin
  1374 | D:2      | Reached XP level 4. HP: 16/37 MP: 4/4
  1557 | D:2      | Noticed Terence
  1566 | D:2      | Killed Terence
  2223 | D:3      | Reached XP level 5. HP: 34/40 MP: 5/5
  2456 | D:3      | Reached skill level 5 in Shields
  3113 | D:4      | Noticed a steam dragon
  3122 | D:4      | Killed from afar by a steam dragon

Illustrated notes

Levels and vault maps discovered:
D:1:      minmay_arrival_plants_in_alcoves, layout_loops_ring,
          chequers_ecumenical_altar_simple_redux
D:2:      layout_loops_corners, serial_aquarium, aquarium_bridge_square
          [aquarium_subvault_balcony, aquarium_subvault_bridge,
          aquarium_subvault_wall, aquarium_subvault_wall], aquarium_window_2,
          aquarium_window_fake, aquarium_window_fake, aquarium_window_corner,
          aquarium_view_2b, aquarium_balcony_1b, aquarium_pool_1, basic_altar,
          uniq_terence, uniq_robin
D:3:      layout_basic
D:4:      layout_loops_ring, okawaru_ov_weapons_minmay,
          mainiacjoe_ossuary_entry_find_the_door, kennysheep_generic_room_3

Skill      XL: |  1  2  3  4  5 |
---------------+----------------+-----
Fighting       | 4 |  4.1
Armour         | 4 |  4.2
Shields        | 5 |  5.0
Polearms       | 3 |  3.0

Action                     |  1- 3 |  4- 6 || total
---------------------------+-------+-------++-------
  Melee: Trident           |    77 |   109 ||   186
Ability: Dig               |       |     1 ||     1
    Use: Scroll            |     1 |     4 ||     5
 Armour: Scale mail        |    41 |    23 ||    64
         Chain mail        |       |    47 ||    47
  Dodge: Dodged            |    30 |    30 ||    60
  Block: Buckler           |    10 |    17 ||    27

Table legend: (Time is in decaauts)
 A = Elapsed time spent in this place.
 B = Non-inter-level travel time spent in this place.
 C = Inter-level travel time spent in this place.
 D = Time resting spent in this place.
 E = Time spent auto-exploring this place.
 F = Levels seen in this place.
 G = Mean time per level.
                   A        B        C        D        E       F      G
               +--------+--------+--------+--------+--------+-----+--------+
         Total |   3157 |   2837 |    320 |      0 |   2321 |   4 |  789.2 |
       Dungeon |   3157 |   2837 |    320 |      0 |   2321 |   4 |  789.2 |
               +--------+--------+--------+--------+--------+-----+--------+

Top non-repeatable levels by time:
     D:3: 1250 daAuts
     D:2: 1101 daAuts
     D:1: 770 daAuts
     D:4: 35 daAuts
